 Dungeon Crawl Stone Soup version 0.29-a0-397-g846e4a0bbc (webtiles) character file.

Game seed: 11258050345103824374

219 zeratav the Digger (level 5, -1/31 HPs)
             Began as an Octopode Earth Elementalist on May 12, 2022.
             Slain by a goblin
             ... wielding a +0 club
              (3 damage)
             ... on level 3 of the Dungeon.
             The game lasted 00:05:00 (3982 turns).

zeratav the Digger (Octopode Earth Elementalist)    Turns: 3982, Time: 00:05:01

Health: -1/31      AC:  1    Str: 19    XL:     5   Next: 96%
Magic:  8/10       EV: 13    Int: 19    God:
Gold:   168        SH:  0    Dex: 13    Spells: 10/11 levels left

rFire   . . .      SeeInvis .   p - +0 hand axe {axe}
rCold   . . .      Faith    .   (no shield)
rNeg    . . .      Spirit   .   (helmet restricted)
rPois   .          Reflect  .   (no amulet)
rElec   .          Harm     .   h - +6 ring of strength
rCorr   .          Rampage  .   g - +6 ring of strength
Will    .....                   (no ring)
Stlth   +++.......              (no ring)
HPRegen 0.10/turn               (no ring)
MPRegen 0.12/turn               (no ring)
                                (no ring)
                                (no ring)

@: no status effects
A: almost no armour, amphibious, 8 rings, camouflage 1, gelatinous body 1,
(nimble swimmer 1), tentacles
a: no special abilities


You were on level 3 of the Dungeon.
You visited 1 branch of the dungeon, and saw 3 of its levels.

You collected 168 gold pieces.


Innate Abilities, Weirdness & Mutations

You cannot wear most types of armour.
You are amphibious.
You can wear up to eight rings at the same time.
Your skin changes colour to match your surroundings (Stealth+).
Your rubbery body absorbs attacks. (AC +1, EV +1)
((You are camouflaged when in or above water. (Stealth+)))
You have tentacles for arms and can constrict up to eight enemies at once.


   Skills:
 - Level 2.0 Dodging
 - Level 2.6 Stealth
 + Level 3.5 Spellcasting
 - Level 1.0 Transmutations
 * Level 5.5 Earth Magic


You had 10 spell levels left.
You knew the following spells:

 Your Spells              Type           Power      Damage    Failure   Level
a - Sandblast             Erth           48%        2d12      1%          1

Your spell library contained the following spells:

 Spells                   Type           Power      Damage    Failure   Level
 Passwall                 Tmut/Erth      12%        N/A       6%          2
 Animate Skeleton         Necr           6%         N/A       14%         1
 Pain                     Necr           12%        1d4       14%         1
 Summon Small Mammal      Summ           12%        N/A       14%         1
 Stone Arrow              Conj/Erth      26%        3d8       14%         3
 Ignite Poison            Fire/Tmut/Pois 4%         N/A       36%         3
 Petrify                  Tmut/Erth      15%        N/A       36%         4
 Inner Flame              Hex/Fire       3%         N/A       41%         3
 Vampiric Draining        Necr           3%         2d6       41%         3
 Sticky Flame             Conj/Fire      3%         2d3       82%         4
 Summon Hydra             Summ           1%         N/A       100%        7

Inventory:

Hand Weapons
 m - a +2 short sword of speed {short}
   (You took it off a kobold on level 2 of the Dungeon)
 p - a +0 hand axe (weapon) {axe}
   (You took it off Terence on level 2 of the Dungeon)
 u - a +0 dagger of speed {short}
   (You took it off Ijyb on level 3 of the Dungeon)
Missiles
 a - 93 stones {throwing}
Jewellery
 g - a +6 ring of strength (right tentacle)
   (You found it on level 2 of the Dungeon)
 h - a +6 ring of strength (left tentacle)
   (You found it on level 1 of the Dungeon)
Wands
 v - a wand of iceblast (4)
   (You took it off Ijyb on level 3 of the Dungeon)
Scrolls
 c - 2 scrolls of fog {unknown}
 d - a scroll of poison {unknown}
 e - a scroll of teleportation {unknown}
 j - 2 scrolls of amnesia {unknown}
 k - a scroll of noise {unknown}
 n - a scroll of fear {unknown}
 o - 2 scrolls of identify {unknown}
 t - a scroll of blinking {unknown}
Potions
 b - a potion of magic
 f - 3 potions of curing {unknown}
 i - 2 potions of attraction {unknown}
 l - 2 potions of mutation {unknown}
 q - 4 potions of heal wounds {@q2}
 r - a potion of might {unknown}
 s - a potion of haste {unknown}

Dungeon Overview and Level Annotations

Branches:
Dungeon (3/15)

Altars:

Annotations:
D:3 Grinder

###..# #....#
###........### #..#
#.##.# #########.#.
#..# #.##.### ###
#.. ###..#
#.##.#.###).# #..
.##..#
#.##.#.##>..## #.#
.##..#
#.##.#.......## #.
.>...#
#.............### #.
.##.##
#..#.....5....... #.
.##.#
#..####.#@..####
.##.# #..# ##)##g.#
.##.####..# #...##.#
###...>#...........#
####.##.###...##....
######.##.# ##<##
##. ....##.##.. #.#
###.##.# #. #.# #
#.##.# #.. #.#


You could see Grinder and a goblin.


Message History

MP[-1]
You lost 1 mp, and now have 9/10 mp.
Casting: Sandblast (safe; 1% risk of failure)
Confirm with . or Enter, or press ? or * to list all spells.
Aiming: Sandblast (safe; 1% risk of failure)
Press: ? - help, Shift-Dir - straight line, f/p - Ijyb
Aim: Ijyb, wielding a +0 dagger of speed, wearing a +0 ring mail and carrying a wand of iceblast (4) (heavily wounded, constricted by you, 100% to hit)
The blast of sand hits Ijyb but does no damage.
You constrict Ijyb.
Ijyb hits you with a +0 dagger of speed.
* * * LOW HITPOINT WARNING * * *
Ijyb closely misses you.
HP[-1] MP[-1]
You take 1 damage, and now have 14/31 hp.
You lost 1 mp, and now have 8/10 mp.
Casting: Sandblast (safe; 1% risk of failure)
Confirm with . or Enter, or press ? or * to list all spells.
Aiming: Sandblast (safe; 1% risk of failure)
Press: ? - help, Shift-Dir - straight line, f/p - Ijyb
Aim: Ijyb, wielding a +0 dagger of speed, wearing a +0 ring mail and carrying a wand of iceblast (4) (severely wounded, constricted by you, 100% to hit)
The blast of sand hits Ijyb.
You constrict Ijyb.
You kill Ijyb!
MP[-1]
You lost 1 mp, and now have 7/10 mp.
Unknown command.
u - a +0 dagger of speed {short};
v - a wand of iceblast (4)
Things that are here:
a +0 ring mail; the goblin corpse of Ijyb
o - 2 scrolls labelled IMACIS CIUNUT (gained 1)
Things that are here:
a +0 ring mail; the goblin corpse of Ijyb HP[+1] MP[+1]
You start resting.
HP[+1] MP[+2]
Your mp is fully restored (10).
You start resting.
HP[+15]
Your hp is fully restored (31).
Found a stone staircase leading down.
Grinder comes into view.
A ball python comes into view.
A rat comes into view.
Found a club.
Found a stone staircase leading up.
You see here a +0 club {mace}.
The helpless rat fails to defend itself.
You slash the rat!
You kill the rat!
The ball python bites you. The ball python grabs you.
The ball python constricts you.
HP[-4]
You take 4 damage, and now have 27/31 hp.
You hit the ball python.
You kill the ball python!
Things that are here:
a +0 club {mace}; a ball python corpse You start resting.
HP[+4]
Your hp is fully restored (31).
Grinder shouts!
You hit Grinder but do no damage. You grab Grinder. You squeeze Grinder!
You constrict Grinder. Grinder hits you.
You writhe in agony.
HP[-7]
You take 7 damage, and now have 24/31 hp.
MASSIVE DAMAGE!! (PAUSE)
You completely miss Grinder. You constrict Grinder. Grinder hits you!
You writhe in agony.
* * * LOW HITPOINT WARNING * * *
HP[-11]
You take 11 damage, and now have 13/31 hp.
MASSIVE DAMAGE!! (PAUSE)
You hit Grinder. You squeeze Grinder. You constrict Grinder.
A goblin comes into view. It is wielding a +0 club.
Grinder gestures at you.
You suddenly lose the ability to move!
You lose your grip on Grinder.
Grinder blinks!
You can move again.
Casting: Sandblast (safe; 1% risk of failure)
Confirm with . or Enter, or press ? or * to list all spells.
Aiming: Sandblast (safe; 1% risk of failure)
Press: ? - help, Shift-Dir - straight line, f - Grinder
Aim: Grinder (severely wounded, 78% to hit)
The blast of sand misses Grinder.
MP[-1]
You lost 1 mp, and now have 9/10 mp.
Casting: Sandblast (safe; 1% risk of failure)
Confirm with . or Enter, or press ? or * to list all spells.
Aiming: Sandblast (safe; 1% risk of failure)
Press: ? - help, Shift-Dir - straight line, f/p - Grinder
Aim: Grinder (severely wounded, 78% to hit)
The blast of sand hits Grinder.
Grinder hits you!
* * * LOW HITPOINT WARNING * * *
The goblin hits you with a +0 club.
* * * LOW HITPOINT WARNING * * *
HP[-11] MP[-1]
You take 11 damage, and now have 2/31 hp.
MASSIVE DAMAGE!! (PAUSE)
You lost 1 mp, and now have 8/10 mp.
You hit Grinder but do no damage. You grab Grinder. You barely miss the goblin.
You constrict Grinder. The goblin hits you with a +0 club.
You die...

Skill      XL: |  1  2  3  4  5 |
---------------+----------------+-----
Earth Magic    | 4 5 |  5.5
Spellcasting   | 3 |  3.5
Dodging        | |  2.0
Stealth        | |  2.6
Transmutations | |  1.0

Action                   |  1- 3 |  4- 6 || total
-------------------------+-------+-------++-------
Melee: Mace              |    12 |       ||    12
       Constrict         |    10 |    13 ||    23
       Tentacles         |     9 |     7 ||    16
       Punch             |     1 |       ||     1
       Short sword       |    21 |    30 ||    51
       Hand axe          |       |    18 ||    18
 Cast: Sandblast         |    32 |    25 ||    57
 Stab: Sleeping          |     4 |     8 ||    12
Armor: Skin              |     7 |     5 ||    12
Dodge: Dodged            |    28 |    21 ||    49

Levels and vault maps discovered:
D:1:      ebering_trefoil_3fold, layout_basic, basic_ecumenical_altar,
          minmay_statues_item
D:2:      layout_loops_ring, uniq_natasha, uniq_terence, uniq_robin
D:3:      layout_loops_ring, yredelemnul_forgotten_temple_becter,
          lightli_corner_chamber, uniq_jessica, uniq_grinder, uniq_ijyb

Notes
Turn   | Place    | Note
-------+----------+-------------------------------------------
     0 | D:1      | zeratav the Octopode Earth Elementalist began the quest for
                  | the Orb.
     0 | D:1      | Reached XP level 1. HP: 11/11 MP: 3/3
     0 | D:1      | magus.rc [v1.9.6]
   540 | D:1      | Reached XP level 2. HP: 17/17 MP: 5/5
   977 | D:1      | Found a faded altar of an unknown god.
   985 | D:1      | Reached XP level 3. HP: 21/21 MP: 2/6
  1312 | D:1      | You pick up a book of Necromancy and begin reading...
  1312 | D:1      | You add the spells Pain, Animate Skeleton and Vampiric
                  | Draining to your library.
  1625 | D:2      | Reached skill level 4 in Earth Magic
  1634 | D:2      | You add the spells Summon Small Mammal, Ignite Poison,
                  | Inner Flame, Sticky Flame and Summon Hydra to your library.
  1634 | D:2      | Got the Handbook of the Volcanoes and Creation
  1861 | D:2      | Noticed Robin
  1877 | D:2      | Killed Robin
  1878 | D:2      | Reached XP level 4. HP: 26/27 MP: 1/8
  1907 | D:2      | HP: 6/27 [goblin/+0 dagger[Robin] (4)]
  2451 | D:2      | Noticed Terence
  2460 | D:2      | HP: 5/27 [Terence/+0 hand axe (4)]
  2464 | D:2      | Killed Terence
  2465 | D:2      | Reached skill level 3 in Spellcasting
  2739 | D:2      | Noticed Natasha
  2749 | D:2      | Killed Natasha
  2750 | D:2      | Reached XP level 5. HP: 27/31 MP: 6/9
  2974 | D:2      | Noticed Natasha
  2983 | D:2      | Killed Natasha
  2984 | D:2      | Reached skill level 5 in Earth Magic
  3498 | D:3      | Noticed Jessica
  3504 | D:3      | Killed Jessica
  3718 | D:3      | Noticed Ijyb
  3728 | D:3      | Killed Ijyb
  3929 | D:3      | Noticed Grinder
  3978 | D:3      | Paralysed by Grinder for 2 turns
  3981 | D:3      | HP: 6/31 [Grinder (8)]
  3981 | D:3      | HP: 2/31 [goblin/+0 club (4)]
  3982 | D:3      | Slain by a goblin

Vanquished Creatures
  Jessica (D:3)
  Ijyb (D:3)
  Natasha (twice) (D:2)
  Terence (D:2)
  Robin (D:2)
  An adder (D:3)
  A worm (D:2)
  A dart slug (D:3)
  4 ball pythons
  4 bats
  7 endoplasms
  3 giant cockroaches
  18 goblins
  7 hobgoblins
  3 quokkas (D:1)
  2 frilled lizards
  5 kobolds
  3 rats
65 creatures vanquished.

Table legend:
 A = Non-vault XP
 B = Vault XP
 C = Vault XP percentage of total XP
 D = Non-vault monster count
 E = Vault monster count
 F = Vault count percentage of total count
                 A         B        C        D         E       F
            +---------+---------+-------+---------+---------+-------
      Total |     138 |     176 |  56.1 |      49 |      16 |  24.6
            +---------+---------+-------+---------+---------+-------
        D:1 |      51 |       0 |   0.0 |      28 |       0 |   0.0
        D:2 |      62 |     103 |  62.4 |      14 |      14 |  50.0
        D:3 |      25 |      73 |  74.5 |       7 |       2 |  22.2
            +---------+---------+-------+---------+---------+-------

Illustrated notes

Table legend:
 A = Kills in this place as a percentage of kills in entire the game.
 B = Kills by you in this place as a percentage of kills by you in the entire game.
 C = Kills by friends in this place as a percentage of kills by friends in the entire game.
 D = Other kills in this place as a percentage of other kills in the entire game.
 E = Experience gained in this place as a percentage of experience gained in the entire game.
 F = Experience gained in this place divided by the number of levels of this place that you have seen.
                   A       B       C       D       E      F
               +-------+-------+-------+-------+-------+----------------------
         Total | 100.0 | 100.0 |   N/A |   N/A | 100.0 | 104.7
       Dungeon | 100.0 | 100.0 |   N/A |   N/A | 100.0 | 104.7
               +-------+-------+-------+-------+-------+----------------------

Table legend: (Time is in decaauts)
 A = Elapsed time spent in this place.
 B = Non-inter-level travel time spent in this place.
 C = Inter-level travel time spent in this place.
 D = Time resting spent in this place.
 E = Time spent auto-exploring this place.
 F = Levels seen in this place.
 G = Mean time per level.
                   A        B        C        D        E       F      G
               +--------+--------+--------+--------+--------+-----+--------+
         Total |   3990 |   3926 |     64 |    845 |   2674 |   3 | 1330.0 |
       Dungeon |   3990 |   3926 |     64 |    845 |   2674 |   3 | 1330.0 |
               +--------+--------+--------+--------+--------+-----+--------+

Top non-repeatable levels by time:
     D:1: 1607 daAuts
     D:2: 1479 daAuts
     D:3: 903 daAuts
